Map: Coda EC

Players

JAILSAUCE

  • Race: Zerg Zerg
  • League: Grandmaster

AgCl - Winner!

  • Race: Protoss Protoss
  • League: Grandmaster

VOD

Have the link to the VOD?

Description

Time

  • Played on: May 30, 2015, 8:42 p.m.
  • Length: 9:13
Show
View Real Time Build Order
Export as new Build Order

JAILSAUCE Zerg 

Build Orders: Hatch First 

Get SALT Encoding   

  12  0:01  Drone  
  13  0:09  Drone  
  14  0:26  Overlord  
  14  0:42  Hatchery  
  14  0:48  Drone  
  14  1:00  Drone  
  14  1:01  Drone  
  16  1:10  Spawning Pool  
  15  1:22  Drone  
  16  1:29  Drone  
  16  1:31  Overlord  
  17  1:33  Drone  
  18  1:47  Drone  
  19  1:59  Queen  
  19  2:00  Queen  
  23  2:07  Drone x2  
  25  2:22  Drone  
  26  2:23  Drone  
  26  2:24  Drone x2  
  28  2:44  Hatchery  
  27  2:53  Extractor x2  
  27  2:54  Drone x5  
  27  2:56  Queen  
  32  3:10  Drone  
  32  3:11  Drone x3  
  36  3:16  Overlord  
  36  3:28  Overlord  
  36  3:34  Drone x5  
  36  3:36  Drone  
  42  3:42  Overlord  
  42  3:44  Drone x2  
  42  3:46  Drone x2  
  42  3:48  Drone  
  47  3:50  Drone  
  48  3:58  Zergling x4  
  48  4:00  Metabolic Boost  
  50  4:07  Roach Warren  
  49  4:10  Drone x3, Extractor  
  49  4:11  Extractor  
  50  4:33  Spore Crawler  
  50  4:36  Spore Crawler, Drone x2  
  50  4:37  Drone  
  46  4:54  Drone x2  
  46  4:55  Drone x12  
  46  4:56  Drone x4  
  64  5:00  Spore Crawler  
  64  5:01  Drone  
  64  5:11  Lair  
  64  5:22  Hatchery  
  64  5:25  Queen  
  65  5:43  Drone  
  65  5:46  Overlord x5  
  65  5:48  Overlord x2  
  65  6:15  Hydralisk Den  
  65  6:17  Overlord  
  64  6:18  Evolution Chamber x2  
  61  6:26  Spore Crawler x2, Drone x2  
  61  6:27  Drone x7, Spine Crawler x3  
  63  6:54  Hydralisk x10  
  63  6:55  Hydralisk x7  
  97  7:01  Zerg Missile Weapons Level 1, Zerg Ground Armor Level 1  
  97  7:05  Hydralisk x2  
  100  7:21  Roach x2  
  100  7:22  Roach  
  100  7:24  Hatchery  
  69  7:44  Hydralisk  
  69  7:45  Hydralisk x6  
  79  7:55  Hydralisk x3  
  79  7:56  Hydralisk  
  55  8:37  Hydralisk x12  
Show
View Real Time Build Order
Export as new Build Order

AgCl Protoss - Winner!

Build Orders: 1 Gate Expand, Oracle Opening, Oracle Opening, Carrier Rush 

Get SALT Encoding   

  12  0:02  Probe  
  13  0:22  Pylon  
  13  0:23  Probe  
  14  0:40  Probe  
  15  0:46  Gateway  
  15  0:52  Probe (Chrono Boost)  
  16  1:03  Probe (Chrono Boost)  
  17  1:09  Probe  
  18  1:24  Nexus  
  19  1:36  Probe  
  19  1:37  Assimilator x2  
  19  1:51  Cybernetics Core  
  19  1:54  Pylon  
  19  1:55  Probe (Chrono Boost)  
  20  2:07  Probe (Chrono Boost)  
  22  2:15  Probe (Chrono Boost)  
  22  2:24  Probe (Chrono Boost)  
  23  2:35  Probe (Chrono Boost)  
  26  2:40  Mothership Core (Chrono Boost)  
  27  2:44  Pylon  
  27  2:46  Probe (Chrono Boost)  
  28  2:53  Probe (Chrono Boost)  
  28  2:54  Probe (Chrono Boost)  
  29  3:02  Stargate  
  29  3:04  Probe (Chrono Boost)  
  31  3:06  Probe (Chrono Boost)  
  31  3:11  Probe (Chrono Boost)  
  32  3:14  Probe (Chrono Boost)  
  33  3:21  Warp Gate  
  33  3:22  Probe (Chrono Boost)  
  33  3:25  Probe (Chrono Boost)  
  33  3:26  Assimilator  
  35  3:29  Probe (Chrono Boost)  
  35  3:32  Probe (Chrono Boost)  
  37  3:36  Assimilator  
  37  3:39  Probe (Chrono Boost)  
  38  3:45  Oracle (Chrono Boost)  
  43  3:50  Probe x2 (Chrono Boost)  
  43  3:56  Probe x2 (Chrono Boost)  
  45  4:05  Fleet Beacon  
  45  4:08  Probe (Chrono Boost)  
  47  4:11  Probe (Chrono Boost)  
  47  4:13  Pylon  
  47  4:20  Probe (Chrono Boost)  
  49  4:24  Probe (Chrono Boost)  
  49  4:29  Probe (Chrono Boost)  
  50  4:32  Probe (Chrono Boost)  
  50  4:36  Carrier (Chrono Boost)  
  52  4:40  Probe x2 (Chrono Boost)  
  53  4:45  Pylon  
  53  4:49  Probe  
  53  4:50  Probe  
  55  4:57  Pylon  
  58  5:00  Graviton Catapult  
  58  5:01  Probe  
  58  5:02  Probe  
  60  5:09  Gateway  
  60  5:10  Pylon  
  60  5:11  Gateway  
  60  5:14  Gateway x2  
  60  5:24  Carrier (Chrono Boost)  
  60  5:26  Protoss Air Weapons Level 1 (Chrono Boost)  
  60  5:27  Stalker  
  68  5:51  Pylon  
  68  6:02  Pylon  
  68  6:04  Pylon  
  68  6:10  Twilight Council  
  68  6:12  Stargate  
  68  6:25  Carrier (Chrono Boost)  
  68  6:28  Nexus  
  68  6:30  Pylon  
  68  6:32  Adept x2  
  70  6:33  Adept x2  
  70  6:39  Pylon  
  82  6:48  Carrier (Chrono Boost)  
  82  6:57  Adept x3  
  82  6:58  Adept  
  90  7:07  Forge  
  90  7:11  Pylon  
  90  7:13  Adept  
  92  7:23  Carrier (Chrono Boost)  
  88  7:37  Shield Upgrade  
  88  7:43  Adept x2  
  86  7:44  Adept  
  94  8:01  Carrier (Chrono Boost)  
  92  8:12  Dark Shrine  
  94  8:26  Adept x2  
  94  8:27  Adept x3  
  104  8:54  Pylon  
  104  8:56  Probe (Chrono Boost)  
  104  9:02  Probe x2 (Chrono Boost)  
  107  9:08  Assimilator  
  107  9:10  Assimilator  
Tags
 
Add a new tag
Caveats
  • Supply blocks, unpowered buildings, or Contaminate may cause inaccurate times.
  • Supply counts are checked every 10 seconds.